 Dungeon Crawl Stone Soup version 0.30.1-4-g462c640d31 (webtiles) character file.

Game seed: 12260171632061735069

79 Arctor the Shield-Bearer (level 4, -1/41 HPs)
             Began as a Minotaur Fighter on Aug 17, 2023.
             Slain by an orc
             ... wielding a +0 flail
              (3 damage)
             ... on level 3 of the Dungeon.
             The game lasted 00:01:13 (1989 turns).

Arctor the Shield-Bearer (Minotaur Fighter)         Turns: 1989, Time: 00:01:13

Health: -1/41      AC:  7    Str: 22    XL:     4   Next: 16%
Magic:  3/3        EV:  9    Int:  5    God:
Gold:   202        SH:  0    Dex: 10    Spells: 3/3 levels left

rFire   . . .        a - +0 war axe
rCold   . . .        c - +0 buckler
rNeg    . . .        b - +0 scale mail
rPois   .            (helmet restricted)
rElec   .            (no cloak)
rCorr   .            (no gloves)
SInv    .            (no boots)
Will    .....        (no amulet) Stlth
                     (no ring)
HPRegen 0.26/turn    (no ring)
MPRegen 0.08/turn

%: no passive effects
@: confused
A: horns 2, retaliatory headbutt
a: no special abilities


You were on level 3 of the Dungeon.
You visited 1 branch of the dungeon, and saw 3 of its levels.

You collected 202 gold pieces.

Inventory:

Hand Weapons
 a - a +0 war axe (weapon)
Armour
 b - a +0 scale mail (worn)
 c - a +0 buckler (worn)
Jewellery
 l - a ring of see invisible
Scrolls
 f - a scroll of noise {unknown}
 h - a scroll of amnesia {unknown}
 m - a scroll of teleportation {unknown}
Potions
 d - a potion of might
 e - a potion of heal wounds {unknown}
 g - a potion of cancellation {unknown}
 i - a potion of curing {unknown}
 j - a potion of lignification {unknown}
 k - a potion of brilliance {unknown}


   Skills:
 + Level 4.4 Fighting
 + Level 3.3 Axes
 + Level 4.3 Armour
 + Level 4.4 Shields


You had 3 spell levels left.
You didn't know any spells.
Your spell library contained the following spells:

 Spells                   Type           Power      Damage    Failure   Level
 Inner Flame              Hex/Fire       0%         N/A       99%         3
 Flame Wave               Conj/Fire      0%         2d4       100%        4
 Sticky Flame             Conj/Fire      0%         2d3       100%        4


Dungeon Overview and Level Annotations

Branches:
Dungeon (3/15)

Altars:


Innate Abilities, Weirdness & Mutations

You have a pair of horns on your head.
You reflexively headbutt those who attack you in melee.


Message History

The orc is heavily wounded.
You barely miss something. You slash the orc!
You kill the orc!
You feel less confused. The orc hits you but does no damage.
Something hits you. The orc hits you but does no damage. Something hits you.
You hit the orc.
The orc is almost dead.
You miss something. The orc hits you but does no damage.
You hear some strange, mumbled words.
You are confused.
You closely miss the orc.
The orc is almost dead.
You miss something. The orc hits you with a +0 flail.
* * * LOW HITPOINT WARNING * * *
Something hits you but does no damage.
You barely miss the orc. Your headbutt misses the orc.
The orc is almost dead.
You hit something but do no damage. The orc barely misses you.
You hear some strange, mumbled words.
You are more confused.
The orc hits you with a +0 flail.
* * * LOW HITPOINT WARNING * * *
Something hits you but does no damage.
You closely miss the orc.
The orc is severely wounded.
You completely miss something. The orc closely misses you.
Something hits you but does no damage. Something hits you.
* * * LOW HITPOINT WARNING * * *
Unknown command.
You bump into the rock wall.
The orc hits you with a +0 flail.
* * * LOW HITPOINT WARNING * * *
Something hits you but does no damage.
You closely miss the orc.
The orc is severely wounded.
You barely miss something. The orc barely misses you. Something hits you.
* * * LOW HITPOINT WARNING * * *
The orc hits you with a +0 flail.
You die...

####.########............
#...................>....
#.........## #...........
#..........# #..........
#..........## #.........^
#...<.......###..)......#
#######...#.##..........#
###......o........#
###.###@........#
#########.###..†......#
#..........##...<.....#
#......................
#.........###.........#
#.........###.........
#.........#...........
#.........).........#.
#............###.####


You could see an orc.

Vanquished Creatures
  A dart slug (D:3)
  An orc (D:3)
  7 ball pythons
  12 endoplasms
  4 giant cockroaches
  7 goblins
  6 hobgoblins
  7 jackals
  6 kobolds
  A quokka (D:1)
  4 bats
  3 frilled lizards
  3 rats
62 creatures vanquished.

Notes
Turn   | Place    | Note
-------+----------+-------------------------------------------
     0 | D:1      | Arctor the Minotaur Fighter began the quest for the Orb.
     0 | D:1      | Reached XP level 1. HP: 19/19 MP: 0/0
   159 | D:1      | Reached XP level 2. HP: 27/27 MP: 1/1
   621 | D:1      | Reached XP level 3. HP: 33/33 MP: 2/2
  1029 | D:2      | Found a faded altar of an unknown god.
  1557 | D:2      | Reached XP level 4. HP: 40/40 MP: 3/3
  1988 | D:3      | HP: 2/41 [orc/+0 flail (3)]
  1989 | D:3      | Slain by an orc

Illustrated notes

Levels and vault maps discovered:
D:1:      wander_arrival_lonely_grave, layout_basic, minivault_14,
          minmay_misc_feat_roman, chequers_serial_rivers_micro_d,
          minmay_octomino_c4
D:2:      layout_basic, dreamdust_ecumenical_altar_angels_and_demons
D:3:      layout_rooms, lemuel_round_altar, gammafunk_ghost_nasty_kobolds

Skill      XL: |  1  2 |
---------------+-------+-----
Shields        | 4 |  4.4
Fighting       | 4 |  4.4
Armour         | 4 |  4.3
Axes           | 3 |  3.3

Action                     |  1- 3 |  4- 6 || total
---------------------------+-------+-------++-------
  Melee: War axe           |   106 |    20 ||   126
         Headbutt          |    13 |     2 ||    15
 Armour: Scale mail        |    42 |    15 ||    57
  Dodge: Dodged            |    64 |    12 ||    76
  Block: Buckler           |    28 |     3 ||    31
